 Dungeon Crawl Stone Soup version 0.27.1-34-g3ba077fa99 (webtiles) character file.

Game seed: 15245311786476866210

2004 zeram the Shield-Bearer (level 9, -5/74 HPs)
             Began as a Gnoll Fighter on Jan 3, 2022.
             Slain by an orc warrior (13 damage)
             ... on level 4 of the Dungeon.
             The game lasted 00:10:30 (5970 turns).

zeram the Shield-Bearer (Gnoll Fighter)             Turns: 5970, Time: 00:10:30

Health: -5/74      AC:  9    Str: 19    XL:     9   Next: 22%
Magic:  15/15      EV:  9    Int:  7    God:
Gold:   225        SH: 11    Dex: 12    Spells: 16/16 levels left

rFire    . . .     SeeInvis .   n - +4 flail (vorpal)
rCold    . . .     Faith    .   c - +0 kite shield
rNeg     + . .     Spirit   .   b - +0 scale mail
rPois    .         Reflect  .   (no helmet)
rElec    .         Harm     .   (no cloak)
rCorr    .         Rampage  .   f - +0 pair of gloves
Will     .....                  (no boots)
Stlth    +.........             (no amulet)
HPRegen  0.22/turn              d - ring of positive energy
MPRegen  0.14/turn              (no ring)

@: studying Long Blades
A: fangs 1, strong nose, distributed training
a: no special abilities


You were on level 4 of the Dungeon.
You visited 1 branch of the dungeon, and saw 6 of its levels.

You collected 225 gold pieces.

Inventory:

Hand Weapons
 a - a +1 war axe
 e - a +0 spear
 n - a +4 vorpal flail (weapon)
 o - a +0 whip
Missiles
 h - 45 poisoned darts (quivered)
Armour
 b - a +0 scale mail (worn)
 c - a +0 kite shield (worn)
 f - a +0 pair of gloves (worn)
Jewellery
 d - a ring of positive energy (left hand)
Scrolls
 p - 2 scrolls of identify
Potions
 g - a potion of degeneration


   Skills:
 + Level 7.8 Fighting
 + Level 4.0 Short Blades
 + Level 4.5 Long Blades
 + Level 6.2 Axes
 + Level 4.0 Maces & Flails
 + Level 4.0 Polearms
 + Level 4.0 Staves
 + Level 4.0 Slings
 + Level 4.0 Bows
 + Level 4.0 Crossbows
 + Level 4.0 Throwing
 + Level 7.8 Armour
 + Level 4.0 Dodging
 + Level 4.0 Stealth
 + Level 7.8 Shields
 + Level 4.0 Unarmed Combat
 + Level 4.0 Spellcasting
 + Level 3.3 Conjurations
 + Level 3.3 Hexes
 + Level 3.3 Summonings
 + Level 3.3 Necromancy
 + Level 3.3 Translocations
 + Level 3.3 Transmutations
 + Level 3.3 Fire Magic
 + Level 3.3 Ice Magic
 + Level 3.3 Air Magic
 + Level 3.3 Earth Magic
 + Level 3.3 Poison Magic
 + Level 4.4 Invocations
 + Level 4.0 Evocations


You had 16 spell levels left.
You didn't know any spells.
Your spell library contained the following spells:

 Spells                   Type           Power      Damage    Failure   Level
 Animate Skeleton         Necr           12%        N/A       45%         1
 Apportation              Tloc           12%        N/A       45%         1
 Corona                   Hex            6%         N/A       45%         1
 Summon Small Mammal      Summ           24%        N/A       45%         1
 Summon Guardian Golem    Hex/Summ       6%         N/A       83%         3
 Orb of Destruction       Conj           3%         9d1       100%        7
 Spellforged Servitor     Conj/Summ      3%         N/A       100%        7


Dungeon Overview and Level Annotations

Branches:
Dungeon (6/15)             Temple (0/1) D:4

Altars:


Innate Abilities, Weirdness & Mutations

You have very sharp teeth.
Your uncanny sense of smell can sniff out nearby items.
Your experience applies equally to all skills.


Message History

You hit the orc warrior.
The orc warrior is moderately wounded.
The orc warrior hits you with a +0 dire flail.
Your shield and scale mail prevent you from hitting the orc warrior.
The orc warrior is moderately wounded.
The orc warrior closely misses you.
You closely miss the orc warrior.
The orc warrior is moderately wounded.
The orc warrior hits you with a +0 dire flail!
* * * LOW HITPOINT WARNING * * *
You block the orc warrior's attack.
Okay, then.
Okay, then.
Okay, then.
Things that are here:
a +0 club; a +0 ring mail
There is a stone staircase leading up here.
The orc warrior hits you with a +0 dire flail!
* * * LOW HITPOINT WARNING * * *
You climb upwards.
There is a stone staircase leading down here.
Okay, then.
Okay, then.
Aiming: Mindburst
Press: ? - help, Shift-Dir - straight line, f - orc warrior
Aim: an orc warrior, wielding a +0 dire flail and wearing a +0 plate armour (lightly wounded, chance to affect: 80%)
The orc warrior's mind is blasted!!
The now-empty wand crumbles to dust.
You block the orc warrior's attack.
You closely miss the orc warrior.
The orc warrior is almost dead.
The orc warrior hits you but does no damage.
You barely miss the orc warrior.
You bite the orc warrior, but do no damage.
The orc warrior is almost dead.
You block the orc warrior's attack.
You closely miss the orc warrior.
The orc warrior is almost dead.
You block the orc warrior's attack.
The orc warrior hits you with a +0 dire flail!
You die...

.##
#........#.........#
#.#
#.##...#.###########
.## ###.###.##.#
.#### ##....<.(...#
....####....####.###
##.#.##.#.#.## #.#
#.##........# #.#
##.#.##.#.#.## #.#
....####...#####@#
.##.# ##.....##o#
.##.# #####.##.#
.##.#### #.##.#
.......# #.##.#
.##.##.# #.##.#
.##.##.# #.##.#
.##.##.# #.##.#
.##.##.######.##.#


You could see an orc warrior.

Vanquished Creatures
  Grinder (D:4)
  Eustachio (D:5)
  Edmund (D:4)
  A water moccasin (D:3)
  A black bear (D:4)
  A necrophage (D:4)
  2 centaurs (D:4)
  3 phantoms
  4 scorpions
  A water moccasin skeleton (D:4)
  A hound (D:4)
  2 jellies
  5 orc priests (D:5)
  A bullfrog skeleton (D:5)
  An iguana (D:5)
  A scorpion zombie (D:5)
  3 orc wizards (D:5)
  Natasha (twice) (D:3)
  A hound zombie (D:5)
  A hound skeleton (D:4)
  A howler monkey skeleton (D:2)
  5 adders
  A white imp (D:4)
  2 adder skeletons (D:4)
  3 dart slugs
  16 orcs
  4 bats
  11 endoplasms
  A giant cockroach (D:4)
  3 goblins
  12 hobgoblins
  4 jackals
  8 kobolds
  2 quokkas
  5 ball pythons
  2 frilled lizards (D:1)
  6 rats
120 creatures vanquished.

Notes
Turn   | Place    | Note
-------+----------+-------------------------------------------
     0 | D:1      | zeram the Gnoll Fighter began the quest for the Orb.
     0 | D:1      | Reached XP level 1. HP: 23/23 MP: 1/1
   133 | D:1      | Reached XP level 2. HP: 28/29 MP: 2/2
   694 | D:1      | Reached XP level 3. HP: 33/35 MP: 3/3
   886 | D:2      | Reached skill level 1 in Invocations
   947 | D:2      | Reached skill level 1 in Short Blades
   947 | D:2      | Reached skill level 1 in Long Blades
   947 | D:2      | Reached skill level 1 in Maces & Flails
   947 | D:2      | Reached skill level 1 in Polearms
   947 | D:2      | Reached skill level 1 in Staves
   947 | D:2      | Reached skill level 1 in Slings
   947 | D:2      | Reached skill level 1 in Bows
   947 | D:2      | Reached skill level 1 in Crossbows
   947 | D:2      | Reached skill level 1 in Throwing
   947 | D:2      | Reached skill level 1 in Dodging
   947 | D:2      | Reached skill level 1 in Stealth
   947 | D:2      | Reached skill level 1 in Unarmed Combat
   947 | D:2      | Reached skill level 1 in Spellcasting
   947 | D:2      | Reached skill level 1 in Evocations
  1042 | D:2      | Found a faded altar of an unknown god.
  1194 | D:2      | Reached XP level 4. HP: 40/41 MP: 5/5
  1229 | D:2      | Reached skill level 1 in Conjurations
  1229 | D:2      | Reached skill level 1 in Hexes
  1229 | D:2      | Reached skill level 1 in Summonings
  1229 | D:2      | Reached skill level 1 in Necromancy
  1229 | D:2      | Reached skill level 1 in Translocations
  1229 | D:2      | Reached skill level 1 in Transmutations
  1229 | D:2      | Reached skill level 1 in Fire Magic
  1229 | D:2      | Reached skill level 1 in Ice Magic
  1229 | D:2      | Reached skill level 1 in Air Magic
  1229 | D:2      | Reached skill level 1 in Earth Magic
  1229 | D:2      | Reached skill level 1 in Poison Magic
  1580 | D:3      | Noticed a water moccasin
  1594 | D:3      | Killed a water moccasin
  1595 | D:3      | Reached XP level 5. HP: 23/47 MP: 5/7
  1835 | D:3      | Noticed Natasha
  1842 | D:3      | Killed Natasha
  1843 | D:3      | Reached XP level 6. HP: 43/53 MP: 8/8
  2239 | D:3      | Noticed Natasha
  2246 | D:3      | Killed Natasha
  2362 | D:4      | Noticed Grinder
  2366 | D:4      | Paralysed by Grinder for 6 turns
  2379 | D:4      | Reached skill level 5 in Axes
  2380 | D:4      | Killed Grinder
  2381 | D:4      | Reached XP level 7. HP: 32/60 MP: 8/10
  3240 | D:4      | Found a staircase to the Ecumenical Temple.
  3440 | D:4      | Reached XP level 8. HP: 67/67 MP: 12/12
  3820 | D:5      | Entered Level 5 of the Dungeon
  3820 | D:5      | Noticed Edmund
  3842 | D:4      | Killed Edmund
  4768 | D:5      | Noticed Eustachio
  5140 | D:5      | Killed Eustachio
  5141 | D:5      | Reached XP level 9. HP: 58/73 MP: 14/14
  5970 | D:4      | Slain by an orc warrior

Illustrated notes

Levels and vault maps discovered:
D:1:      amcnicky_arrival_single_pillar, layout_basic, minivault_26,
          hangedman_decor_diamond_cutter
D:2:      layout_rooms, basic_ecumenical_altar
D:3:      layout_basic, uniq_natasha
D:4:      black_bear_nest_1, layout_loops_ring, temple_statues, uniq_grinder
D:5:      layout_basic, minmay_manual_mares, uniq_eustachio, uniq_edmund
D:6:      layout_loops_cross, uniq_crazy_yiuf_cottage, uniq_duvessa, uniq_pikel

Skill      XL: |  1  2  3  4  5  6  7  8  9 |
---------------+----------------------------+-----
Invocations    | 1 2 3 4 |  4.4
Short Blades   | 1 2 3 4 |  4.0
Long Blades    | 1 2 4 |  4.5
Maces & Flails | 1 2 3 4 |  4.0
Polearms       | 1 2 3 4 |  4.0
Staves         | 1 2 3 4 |  4.0
Slings         | 1 2 3 4 |  4.0
Bows           | 1 2 3 4 |  4.0
Crossbows      | 1 2 3 4 |  4.0
Throwing       | 1 2 3 4 |  4.0
Dodging        | 1 2 3 4 |  4.0
Stealth        | 1 2 3 4 |  4.0
Unarmed Combat | 1 2 3 4 |  4.0
Spellcasting   | 1 2 3 4 |  4.0
Evocations     | 1 2 3 4 |  4.0
Conjurations   | 1 2 3 |  3.3
Hexes          | 1 2 3 |  3.3
Summonings     | 1 2 3 |  3.3
Necromancy     | 1 2 3 |  3.3
Translocations | 1 2 3 |  3.3
Transmutations | 1 2 3 |  3.3
Fire Magic     | 1 2 3 |  3.3
Ice Magic      | 1 2 3 |  3.3
Air Magic      | 1 2 3 |  3.3
Earth Magic    | 1 2 3 |  3.3
Poison Magic   | 1 2 3 |  3.3
Axes           | 5 6 |  6.2
Fighting       | 7 |  7.8
Armour         | 7 |  7.8
Shields        | 7 |  7.8

Action                   |  1- 3 |  4- 6 |  7- 9 || total
-------------------------+-------+-------+-------++-------
Melee: War axe           |    78 |   106 |    84 ||   268
       Bite              |     9 |    11 |    29 ||    49
       Flail             |       |       |   144 ||   144
Throw: Dart              |       |       |     3 ||     3
Evoke: Wand              |       |       |     9 ||     9
  Use: Scroll            |     2 |     4 |     4 ||    10
       Potion            |       |     2 |     4 ||     6
Armor: Scale mail        |    35 |    62 |   114 ||   211
Dodge: Dodged            |    31 |    43 |    94 ||   168
Block: Kite shield       |    60 |    69 |   156 ||   285
